 Dungeon Crawl Stone Soup version 0.29-a0-25-g7f48f510a0 (webtiles) character file.

Game seed: 15106183498213348255

1423 RBrandon the Chopper (level 8, -1/63 HPs)
             Began as a Demonspawn Cinder Acolyte on Jan 31, 2022.
             Was a High Priest of Ignis.
             Killed by divine providence
             ... invoked by an orc priest
              (14 damage)
             ... on level 6 of the Dungeon.
             The game lasted 00:09:29 (6831 turns).

RBrandon the Chopper (Demonspawn Cinder Acolyte)    Turns: 6831, Time: 00:09:30

Health: -1/63      AC:  8    Str: 17    XL:     8   Next: 44%
Magic:  12/12      EV:  9    Int: 15    God:    Ignis [*****.]
Gold:   56         SH:  0    Dex:  9    Spells: 11/13 levels left

rFire   + . .      SeeInvis .   a - +1 broad axe (vamp)
rCold   . . .      Faith    .   (no shield)
rNeg    . . .      Spirit   .   d - +0 scale mail
rPois   .          Reflect  .   (helmet restricted)
rElec   .          Harm     .   w - +0 cloak
rCorr   .          Rampage  .   (no gloves)
Will    .....                   (no boots)
Stlth   ..........              (no amulet)
HPRegen 0.20/turn               (no ring)
MPRegen 0.26/turn               (no ring)

@: no status effects
A: antennae 1, foul stench 1, magic regeneration, weakness stinger 2
a: Renounce Religion, Fiery Armour, Foxfire Swarm, Rising Flame


You were on level 6 of the Dungeon.
You worshipped Ignis.
Ignis was extremely pleased with you.
You visited 1 branch of the dungeon, and saw 6 of its levels.

You collected 238 gold pieces.
You spent 182 gold pieces at shops.

Inventory:

Hand Weapons
 a - a +1 vampiric broad axe (weapon)
   (You bought it in a shop on level 5 of the Dungeon)
 b - a +0 hand axe of electrocution
   (You took it off an orc on level 3 of the Dungeon)
 s - the +4 spear of Mukhuuso {vorpal, rElec rPois rF- rC+++}
   (You took it off an orc on level 3 of the Dungeon)

   It inflicts extra damage upon your enemies.
   rF:        It makes you vulnerable to fire.
   rC:        It renders you almost immune to cold.
   rElec:     It insulates you from electricity.
   rPois:     It protects you from poison.
 v - a -1 hand axe of flaming
Missiles
 f - 6 javelins
Armour
 d - a +0 scale mail (worn)
 j - a +0 robe
 n - a +0 helmet
 w - a +0 cloak (worn)
Magical Staves
 o - a staff of fire
Wands
 l - a wand of flame (25)
Scrolls
 c - 2 scrolls of noise {unknown}
 g - a scroll of magic mapping {unknown}
 h - 2 scrolls of amnesia {unknown}
 i - 4 scrolls of teleportation
 k - a scroll of blinking
 m - 2 scrolls of torment {unknown}
 p - 2 scrolls of identify
 r - a scroll of vulnerability {unknown}
 u - 3 scrolls of acquirement {unknown}
 x - a scroll of enchant armour {unknown}
 y - a scroll of enchant weapon {unknown}
Potions
 e - 2 potions of might
 q - a potion of resistance {unknown}
 t - a potion of lignification {unknown}
 z - a potion of cancellation {unknown}
 A - a potion of invisibility {unknown}


   Skills:
 - Level 5.6 Fighting
 + Level 6.4 Axes
 - Level 3.4 Armour
 - Level 3.2 Spellcasting
 - Level 4.5 Fire Magic


You had 11 spell levels left.
You knew the following spells:

 Your Spells              Type           Power      Damage    Failure   Level
a - Scorch                Fire           32%        2d7       14%         2

Your spell library contained the following spells:

 Spells                   Type           Power      Damage    Failure   Level
 Ensorcelled Hibernation  Hex/Ice        4%         N/A       67%         2
 Passwall                 Tmut/Erth      1%         N/A       67%         2
 Gell's Gravitas          Tloc           2%         N/A       88%         3
 Swiftness                Air            2%         N/A       88%         3
 Teleport Other           Tloc           2%         N/A       88%         3
 Conjure Ball Lightning   Conj/Air       1%         3x3d6     100%        6
 Dispersal                Tloc           1%         N/A       100%        6
 Discord                  Hex            1%         N/A       100%        8
 Disjunction              Tloc           1%         N/A       100%        8


Dungeon Overview and Level Annotations

Branches:
Dungeon (6/15)
 Temple: D:4-7

Altars:
Dithmenos
Fedhas
Gozag
Nemelex Xobeh
Qazlal
Xom

Shops:
D:5 (*:


Innate Abilities, Weirdness & Mutations

You have a pair of small antennae on your head.
You may rarely emit foul miasma when damaged in melee.
You regenerate magic rapidly.
You have a tail ending in a sharp stinger.


Message History

The orc hits you but does no damage. The orc priest barely misses you.
The orc hits you from afar with a +1 trident of freezing.
The orc freezes you.
You hit the orc priest but do no damage.
You tail-slap the orc priest, but do no damage.
The orc priest is severely wounded.
The orc priest hits you with a +0 club.
The orc hits you from afar with a +1 trident of freezing.
The orc freezes you.
You hit the orc priest but do no damage.
Your tail-slap misses the orc priest.
The orc priest is severely wounded.
The orc priest hits you but does no damage.
The orc hits you but does no damage.
You hit the orc priest.
You feel better.
Your punch misses the orc priest.
The orc priest is almost dead.
The orc priest hits you with a +0 club. The orc barely misses you.
The orc priest hits you but does no damage.
The orc hits you but does no damage.
You barely miss the orc priest.
The orc priest is almost dead.
The orc priest hits you but does no damage.
The orc hits you from afar with a +1 trident of freezing.
* * * LOW HITPOINT WARNING * * *
The orc freezes you.
* * * LOW HITPOINT WARNING * * *
You closely miss the orc priest.
The orc priest is almost dead.
The orc priest invokes the aid of Beogh against you.
Pain shoots through your body!
* * * LOW HITPOINT WARNING * * *
The orc hits you from afar with a +1 trident of freezing.
* * * LOW HITPOINT WARNING * * *
The orc freezes you.
* * * LOW HITPOINT WARNING * * *
You closely miss the orc priest.
The orc priest is almost dead.
The orc priest mumbles some strange prayers to Beogh against you.
Beogh smites you!
You die...

#. #.######## #
#.#......# ..
#.#.####.# ...
###.#.#..#.# ...
...#.#<...# ..#
#.#.######..o###
#...#....o......
#..@#.####.o....
#..)oo# .....
#...### ....
#.#.# ### ...#..
######. .. #. ..


You could see an orc priest and an orc.

Vanquished Creatures
  An ice beast (D:5)
  A necrophage (D:5)
  3 ogres
  A centaur (D:5)
  A phantom (D:5)
  A kobold brigand (D:4)
  2 scorpions (D:5)
  A water moccasin zombie (D:5)
  A water moccasin skeleton (D:5)
  A bullfrog zombie (D:5)
  An orc priest (D:3)
  Jessica (D:2)
  Natasha (thrice) (D:4)
  3 iguanas
  3 orc wizards
  2 hound skeletons
  A howler monkey zombie (D:5)
  5 adders
  A shadow imp (D:5)
  3 ufetubi
  An adder skeleton (D:4)
  2 worms
  3 dart slugs
  12 orcs
  4 ball pythons
  8 bats
  10 endoplasms
  5 giant cockroaches
  8 hobgoblins
  6 jackals
  7 kobolds
  4 quokkas
  2 frilled lizards
  10 goblins
  8 rats
126 creatures vanquished.

Vanquished Creatures (others)
  An orc wizard (D:3)
1 creature vanquished.

Grand Total: 127 creatures vanquished

Notes
Turn   | Place    | Note
-------+----------+-------------------------------------------
     0 | D:1      | RBrandon the Demonspawn Cinder Acolyte began the quest for
                  | the Orb.
     0 | D:1      | Reached XP level 1. HP: 18/18 MP: 2/2
   531 | D:1      | Discovered your monstrous ancestry.
   531 | D:1      | Gained mutation: You have a small tail. [demonic ancestry]
   531 | D:1      | Reached XP level 2. HP: 24/24 MP: 3/3
   633 | D:1      | Learned a level 2 spell: Scorch
  1001 | D:1      | Gained mutation: You may rarely emit foul miasma when
                  | damaged in melee. [demonic ancestry]
  1001 | D:1      | Reached XP level 3. HP: 15/29 MP: 5/5
  1420 | D:1      | Found a faded altar of an unknown god.
  2032 | D:2      | Reached XP level 4. HP: 34/35 MP: 6/6
  2141 | D:2      | Noticed Jessica
  2145 | D:2      | Killed Jessica
  2596 | D:3      | Gained mutation: You have a pair of small antennae on your
                  | head. [demonic ancestry]
  2596 | D:3      | Reached XP level 5. HP: 37/41 MP: 2/8
  2684 | D:3      | Found an opulent altar of Gozag.
  2686 | D:3      | Identified the +4 spear of Mukhuuso {vorpal, rElec rPois
                  | rF- rC+++}
  3528 | D:4      | Reached XP level 6. HP: 24/46 MP: 3/10
  3878 | D:4      | Reached skill level 5 in Fighting
  4055 | D:4      | Found a shimmering altar of Xom.
  4055 | D:4      | Found a shimmering altar of Xom.
  4055 | D:4      | Found a shimmering altar of Xom.
  4097 | D:4      | Noticed Natasha
  4104 | D:4      | Killed Natasha
  4194 | D:4      | Noticed Natasha
  4197 | D:4      | Killed Natasha
  4301 | D:4      | Noticed Natasha
  4311 | D:4      | Reached skill level 3 in Axes
  4311 | D:4      | Gained mutation: You regenerate magic rapidly. [demonic
                  | ancestry]
  4311 | D:4      | Reached XP level 7. HP: 46/56 MP: 9/11
  4314 | D:4      | Killed Natasha
  4430 | D:4      | Found a shimmering altar of Xom.
  4484 | D:4      | Reached skill level 4 in Axes
  4846 | D:5      | Entered Level 5 of the Dungeon
  5008 | D:5      | Reached skill level 1 in Armour
  5116 | D:5      | Found Puckudd's Assorted Antiques.
  5334 | D:5      | Found Julakag's Antique Weapon Shop.
  5343 | D:5      | Bought a runed broad axe for 182 gold pieces
  5568 | D:5      | Gained mutation: You have a tail ending in a sharp stinger.
                  | [demonic ancestry]
  5568 | D:5      | Reached XP level 8. HP: 55/63 MP: 12/12
  5653 | D:5      | Found a sparkling altar of Nemelex Xobeh.
  5656 | D:5      | Found a blossoming altar of Fedhas.
  5659 | D:5      | Found a stormy altar of Qazlal.
  5721 | D:5      | Found a shadowy altar of Dithmenos.
  5744 | D:5      | Reached skill level 5 in Axes
  5933 | D:5      | Found Asischuq's Book Shop.
  6703 | D:5      | Reached skill level 6 in Axes
  6831 | D:6      | Killed from afar by an orc priest

Illustrated notes

Levels and vault maps discovered:
D:1:      lemuel_arrival_lava_pool, layout_basic,
          shapermc_ecumenical_altar_mp_vishouse, due_unseen_surprise
D:2:      layout_rooms, minmay_tetromino_l4, uniq_jessica
D:3:      cheibrodos_pilgrimage, layout_rooms, nicolae_gozag_seed_capital
D:4:      layout_basic, xom_redecorated, chequers_serial_rivers_micro_b,
          uniq_natasha
D:5:      minmay_skewed_foursquare, layout_layer_cave,
          grunt_temple_overflow_cloverleaf, serial_shops, shop,
          nicolae_shop_waterfront, shop
D:6:      layout_basic

Skill      XL: |  1  2  3  4  5  6  7  8 |
---------------+-------------------------+-----
Fire Magic     | 3 4 |  4.5
Spellcasting   | 2 3 |  3.2
Fighting       | 5 |  5.6
Axes           | 3 4 6 |  6.4
Armour         | 3 |  3.4

Action                   |  1- 3 |  4- 6 |  7- 9 || total
-------------------------+-------+-------+-------++-------
Melee: Hand axe          |   115 |    92 |    33 ||   240
       Tailslap          |     6 |     4 |    14 ||    24
       Punch             |     1 |       |     2 ||     3
       Broad axe         |       |       |    73 ||    73
 Cast: Scorch            |     4 |    30 |    24 ||    58
  Use: Scroll            |       |     4 |       ||     4
       Potion            |       |     1 |       ||     1
Armor: Robe              |     5 |       |       ||     5
       Scale mail        |    66 |    61 |    68 ||   195
Dodge: Dodged            |    74 |    62 |    63 ||   199

Table legend: (Time is in decaauts)
 A = Elapsed time spent in this place.
 B = Non-inter-level travel time spent in this place.
 C = Inter-level travel time spent in this place.
 D = Time resting spent in this place.
 E = Time spent auto-exploring this place.
 F = Levels seen in this place.
 G = Mean time per level.
                   A        B        C        D        E       F      G
               +--------+--------+--------+--------+--------+-----+--------+
         Total |   6888 |   6726 |    162 |   1326 |   4235 |   6 | 1148.0 |
       Dungeon |   6888 |   6726 |    162 |   1326 |   4235 |   6 | 1148.0 |
               +--------+--------+--------+--------+--------+-----+--------+

Top non-repeatable levels by time:
     D:5: 1958 daAuts
     D:1: 1592 daAuts
     D:4: 1592 daAuts
     D:3: 949 daAuts
     D:2: 744 daAuts
     D:6: 50 daAuts

Table legend:
 A = Kills in this place as a percentage of kills in entire the game.
 B = Kills by you in this place as a percentage of kills by you in the entire game.
 C = Kills by friends in this place as a percentage of kills by friends in the entire game.
 D = Other kills in this place as a percentage of other kills in the entire game.
 E = Experience gained in this place as a percentage of experience gained in the entire game.
 F = Experience gained in this place divided by the number of levels of this place that you have seen.
                   A       B       C       D       E      F
               +-------+-------+-------+-------+-------+----------------------
         Total | 100.0 | 100.0 |   N/A | 100.0 | 100.0 | 339.0
       Dungeon | 100.0 | 100.0 |   N/A | 100.0 | 100.0 | 339.0
               +-------+-------+-------+-------+-------+----------------------
